Map: Dash and Terminal LE (Void)

Players

Firestone - Winner!

  • Race: Zerg Zerg
  • League: Silver

StarClown

  • Race: Zerg Zerg
  • League: Platinum

VOD

Have the link to the VOD?

Description

Time

  • Played on: Aug. 1, 2015, 9:52 p.m.
  • Length: 13:40
Show
View Real Time Build Order
Export as new Build Order

Firestone Zerg - Winner!

Build Orders: Hatch First 

Get SALT Encoding   

  12  0:01  Drone  
  13  0:08  Drone  
  14  0:17  Extractor  
  14  0:18  Drone  
  15  0:22  Overlord  
  15  0:40  Drone x2  
  17  0:55  Hatchery  
  16  0:58  Drone  
  16  1:02  Drone, Extractor  
  17  1:17  Spawning Pool  
  16  1:20  Drone  
  16  1:23  Drone  
  18  1:29  Drone  
  19  1:38  Overlord  
  19  1:52  Drone  
  21  2:01  Drone  
  21  2:03  Queen  
  21  2:07  Queen  
  25  2:10  Metabolic Boost  
  25  2:13  Zergling x2  
  26  2:15  Drone  
  26  2:20  Drone  
  28  2:23  Drone  
  29  2:35  Drone x2  
  31  2:42  Drone, Baneling Nest  
  31  2:49  Drone  
  32  2:52  Drone  
  32  2:55  Drone  
  34  3:03  Zergling x2  
  34  3:04  Drone  
  36  3:09  Lair  
  35  3:20  Drone  
  35  3:22  Overlord  
  35  3:24  Overlord  
  36  3:31  Drone, Spine Crawler  
  36  3:37  Extractor  
  36  3:39  Drone, Extractor  
  36  3:40  Drone x5  
  40  3:47  Baneling x2  
  40  3:49  Drone  
  40  3:50  Drone x5  
  40  3:51  Drone x2  
  40  3:52  Drone  
  49  3:59  Overlord  
  49  4:00  Extractor  
  48  4:06  Drone x2  
  50  4:17  Drone  
  50  4:18  Drone, Spire  
  51  4:28  Drone x5  
  56  4:31  Zergling x2  
  56  4:32  Zergling x4  
  56  4:35  Overlord  
  59  4:41  Spine Crawler  
  59  4:42  Spine Crawler  
  57  4:47  Overseer  
  57  4:57  Zergling x12  
  57  4:58  Zergling x10  
  67  5:29  Overlord  
  67  5:30  Overlord  
  67  5:33  Zerg Flyer Armor Level 1  
  65  5:42  Zergling x6  
  62  5:49  Mutalisk x7  
  70  5:53  Zergling x8  
  70  5:54  Hatchery  
  79  5:58  Mutalisk  
  79  6:03  Baneling x5  
  80  6:33  Hatchery, Mutalisk x2  
  81  6:46  Zergling x4  
  83  6:48  Overlord  
  83  6:49  Overlord x3  
  83  7:10  Mutalisk x4  
  83  7:11  Mutalisk  
  93  7:20  Queen  
  95  7:25  Mutalisk  
  95  7:26  Mutalisk  
  95  7:29  Overlord x2  
  99  7:30  Overlord  
  99  7:34  Zergling x4  
  99  7:35  Zergling x16  
  99  7:36  Zergling x6  
  112  7:52  Mutalisk x2  
  112  7:54  Hatchery  
  115  7:59  Zergling x8  
  119  8:13  Hydralisk Den  
  119  8:15  Zerg Flyer Armor Level 2  
  119  8:19  Zergling x16  
  118  8:35  Mutalisk x2  
  118  8:38  Zergling x6  
  118  8:39  Zergling x6  
  124  9:00  Mutalisk  
  124  9:01  Mutalisk x2  
  130  9:06  Lurker Den  
  130  9:11  Drone  
  130  9:12  Drone x7  
  130  9:15  Queen  
  140  9:37  Hydralisk x2  
  144  9:40  Overlord  
  120  9:58  Hydralisk  
  120  9:59  Hydralisk x7  
  122  10:01  Zergling x10  
  114  10:16  Hydralisk x3  
  112  10:25  Hydralisk x2  
  114  10:32  Drone  
  114  10:33  Drone x8  
  123  10:36  Extractor  
  123  10:38  Drone  
  123  10:40  Extractor  
  122  10:44  Lurker x2  
  122  10:48  Zergling x8  
  128  10:58  Muscular Augments  
  128  11:00  Drone x7  
  128  11:01  Drone  
  136  11:32  Hydralisk x8  
  152  11:54  Queen  
  152  11:57  Hatchery  
  130  12:03  Hydralisk  
  130  12:04  Hydralisk x6  
  142  12:16  Overlord x2  
  142  12:17  Hydralisk x2  
  142  12:19  Zergling x4  
  142  12:20  Zergling x2  
  149  12:31  Evolution Chamber  
  149  12:34  Evolution Chamber  
  147  12:37  Overlord x2  
  145  12:54  Hydralisk  
  145  12:55  Hydralisk x5  
  157  13:11  Extractor  
Show
View Real Time Build Order
Export as new Build Order

StarClown Zerg 

Build Orders: Hatch First 

Get SALT Encoding   

  12  0:01  Drone  
  13  0:13  Overlord  
  13  0:20  Drone  
  14  0:34  Drone x2  
  16  0:36  Drone  
  17  0:47  Drone  
  18  0:59  Hatchery  
  18  1:03  Drone  
  18  1:05  Extractor  
  18  1:08  Drone  
  18  1:20  Spawning Pool  
  18  1:22  Drone  
  18  1:30  Drone  
  19  1:41  Overlord  
  19  2:09  Metabolic Boost, Queen  
  19  2:11  Zergling x4  
  19  2:12  Queen, Zergling x2  
  26  2:23  Drone x3  
  29  2:35  Drone x2  
  31  2:41  Baneling Nest  
  31  2:43  Drone  
  31  2:48  Queen  
  33  2:59  Drone x3  
  35  3:09  Overlord  
  35  3:23  Overlord  
  35  3:24  Drone  
  36  3:35  Drone  
  36  3:36  Drone x5  
  36  3:37  Zergling x2  
  36  3:38  Zergling x2  
  36  3:40  Baneling x2  
  44  3:48  Extractor  
  43  3:49  Overlord  
  43  3:50  Drone  
  44  3:56  Lair  
  44  3:58  Zergling x2  
  44  3:59  Zergling x8  
  49  4:06  Baneling  
  49  4:08  Drone x4  
  53  4:10  Extractor x2  
  53  4:13  Drone  
  52  4:29  Drone x4  
  56  4:36  Drone x3  
  59  4:45  Zergling x2  
  60  4:47  Overlord x2  
  60  4:59  Hatchery  
  59  5:00  Drone  
  59  5:02  Spire  
  59  5:07  Zergling x2  
  59  5:08  Zergling x20  
  70  5:25  Spore Crawler  
  70  5:26  Spore Crawler  
  68  5:30  Spore Crawler  
  67  5:39  Spore Crawler  
  67  5:42  Spore Crawler  
  65  5:43  Spore Crawler  
  65  5:46  Spore Crawler  
  65  5:47  Drone x5  
  65  5:49  Drone x3  
  71  6:05  Infestation Pit  
  70  6:13  Queen  
  72  6:26  Spore Crawler x2  
  72  6:30  Overlord x2  
  72  6:32  Spore Crawler  
  69  6:33  Drone x4  
  69  6:35  Spore Crawler  
  72  6:40  Overlord x4  
  72  6:54  Overlord x2  
  72  6:56  Hive  
  71  7:15  Drone  
  72  7:16  Drone x12  
  84  7:30  Spore Crawler  
  84  7:33  Drone  
  84  7:34  Drone x6  
  84  7:35  Drone  
  91  7:43  Overlord x2  
  91  7:44  Overlord  
  91  7:59  Extractor  
  91  8:00  Extractor  
  89  8:10  Viper  
  89  8:11  Viper x6  
  110  8:16  Drone x2  
  110  8:17  Evolution Chamber  
  110  8:18  Evolution Chamber  
  110  8:21  Drone  
  110  8:22  Drone x2  
  112  8:41  Overlord  
  112  8:42  Zerg Flyer Weapons Level 1  
  112  8:44  Corruptor x7  
  112  8:45  Corruptor  
  121  9:03  Drone x2  
  123  9:16  Corruptor x4  
  123  9:17  Corruptor x3  
  127  9:18  Evolution Chamber  
  127  9:19  Evolution Chamber  
  135  9:25  Zergling x16  
  142  9:39  Zergling x10  
  142  9:40  Zergling x6  
  123  9:54  Zergling x2  
  123  9:55  Zergling x6  
  107  10:21  Zergling x14  
  106  10:22  Baneling x3  
  106  10:23  Drone  
  106  10:25  Queen  
  115  10:41  Greater Spire  
  115  10:43  Hatchery  
  115  10:45  Corruptor x4  
  115  10:46  Overlord x2  
  115  10:47  Baneling x2  
  115  10:48  Baneling x5  
  122  10:52  Zerg Ground Armor Level 1  
  122  10:58  Overseer  
  122  11:04  Spore Crawler x2  
  121  11:06  Drone x2  
  121  11:07  Drone x3  
  121  11:09  Drone x2  
  127  11:37  Overseer  
  126  11:57  Zergling x14  
  126  11:58  Zergling x14  
  126  12:00  Brood Lord  
  126  12:01  Brood Lord x4  
  146  12:08  Overseer  
  146  12:15  Spine Crawler  
  145  12:16  Drone x4  
  145  12:17  Drone, Spore Crawler  
  149  12:28  Corruptor x2  
  153  12:39  Baneling  
  153  12:40  Baneling x4  
  153  12:45  Drone x3  
  153  12:46  Drone  
  153  12:47  Spore Crawler  
  153  12:51  Spine Crawler  
  141  12:58  Brood Lord  
  143  12:59  Brood Lord x2  
  147  13:11  Drone  
  147  13:12  Drone x5  
Tags
 
Add a new tag
Caveats
  • Supply blocks, unpowered buildings, or Contaminate may cause inaccurate times.
  • Supply counts are checked every 10 seconds.